 Dungeon Crawl Stone Soup version 0.19-a0-526-gbe2e51c (webtiles) character file.

195 Geppetto the Cudgeler (level 5, -20/33 HPs)
             Began as a Gargoyle Gladiator on June 7, 2016.
             Demolished by an ogre
             ... wielding a +0 giant spiked club
              (30 damage)
             ... while paralysed by Grinder
             ... on level 3 of the Dungeon.
             The game lasted 00:06:14 (2666 turns).

Geppetto the Cudgeler (Gargoyle Gladiator)          Turns: 2666, Time: 00:06:15

Health: -20/33     AC: 11    Str: 19    XL:     5   Next: 74%
Magic:  5/5        EV:  2    Int:  8    God:
Gold:   126        SH:  0    Dex: 13    Spells: 0 memorised, 4 levels left

rFire  . . .     SeeInvis .     a - +0 flail
rCold  . . .     Gourm    .     r - +0 ring mail
rNeg   + . .     Faith    .     m - +0 buckler
rPois  ∞         Spirit   .     c - +0 helmet
rElec  +         Dismiss  .     (no cloak)
rCorr  .         Reflect  .     (no gloves)
SustAt .         Harm     .     t - +0 pair of boots
MR     .....                    (no amulet)
Stlth  +.........               u - +2 ring of slaying
                                j - +2 ring of dexterity

@: paralysed, not resistant to hostile enchantments, very unstealthy
A: negative energy resistance 1, electricity resistance, unbreathing,
petrification resistance, rot immunity, AC +4
a: no special abilities


You were on level 3 of the Dungeon.
You were not hungry.

You visited 1 branch of the dungeon, and saw 3 of its levels.

You collected 126 gold pieces.

Inventory:

Hand Weapons
 a - a +0 flail (weapon)
Missiles
 d - 5 throwing nets (quivered)
Armour
 b - a +0 leather armour
 c - a +0 helmet (worn)
 m - a +0 buckler (worn)
 r - a +0 ring mail (worn)
 t - a +0 pair of boots (worn)
Jewellery
 j - a +2 ring of dexterity (left hand)
 u - a +2 ring of slaying (right hand)
Scrolls
 e - a scroll of fear
 h - a scroll of amnesia {unknown}
 i - a scroll of recharging {unknown}
 l - 2 scrolls of teleportation {unknown}
 p - a scroll of identify
 s - a scroll of random uselessness {unknown}
 w - 2 scrolls of noise {unknown}
Potions
 g - 2 potions of agility
 k - a potion of curing
 n - a potion of cure mutation
 o - a potion of experience
Comestibles
 f - 4 bread rations
 q - a meat ration
 v - 4 chunks of flesh


   Skills:
 + Level 3.8 Fighting
 - Level 4.3 Maces & Flails
 - Level 1.7 Throwing
 - Level 2.4 Dodging
 * Level 3.3 Shields


You had 4 spell levels left.
You didn't know any spells.

Dungeon Overview and Level Annotations

Branches:
Dungeon (3/15)

Altars:
Fedhas

Annotations:
D:3 Grinder


Innate Abilities, Weirdness & Mutations

You are resistant to torment.
Your stone body is resilient. (AC +4)
You are immune to poison.
You resist negative energy. (rN+)
You are resistant to electric shocks. (rElec)
You can survive without breathing.
You are immune to petrification.
You are immune to rotting.


Message History

Grinder is heavily wounded.
You block Grinder's attack.
The ogre shouts!
You thump Grinder!
Grinder is almost dead.
Grinder hits you but does no damage.
You hit Grinder but do no damage.
Grinder is almost dead.
Grinder blinks!
The ogre hits you with a giant spiked club!
Grinder blinks!
Grinder blinks!
You block the ogre's attack. Grinder gestures at you.
You suddenly lose the ability to move!
Grinder gestures at you. Pain shoots through your body!
The ogre hits you with a giant spiked club!!
Ouch! That really hurt!
You die...

########.####
#..........# #.#
#.##.##.#..# #.#
####.#....###.#
#.###......#...#...
#...[.........#.#.#
#...........#.###.#
##.###.....##.###.#
#.# #.#
#.....#...##.# #.#
##@#####.##.#.#.#.#
(#####.# #.O.##
#..........#
......#####
##.#.######.#.#.###
###........#.$
#......# ##...###.
....$.$.$...$.
#.#.##5# ##.####.
#......@..#
#..###.# #....#.
#.#.#.#########.##
#.# ####.#.
#.#...).........#
#.# #.#.
##.###.###########
#.# #...


You could see Grinder and an ogre.

Vanquished Creatures
  Terence (D:3)
  Ijyb (D:3)
  An iguana (D:3)
  2 adders
  An ooze (D:1)
  3 worms
  5 dart slugs
  6 giant geckos
  2 ball pythons
  8 bats
  4 giant cockroaches
  12 goblins
  5 hobgoblins
  2 jackals (D:3)
  8 kobolds
  2 quokkas (D:2)
  3 giant newts (D:1)
  8 rats
74 creatures vanquished.

Notes
Turn   | Place    | Note
--------------------------------------------------------------
     0 | D:1      | Geppetto the Gargoyle Gladiator began the quest for the Orb.
     0 | D:1      | Reached XP level 1. HP: 12/12 MP: 1/1
   248 | D:1      | Reached XP level 2. HP: 18/18 MP: 2/2
   779 | D:1      | Reached XP level 3. HP: 22/22 MP: 3/3
   868 | D:1      | Reached skill level 4 in Maces & Flails
  1505 | D:2      | Reached XP level 4. HP: 16/27 MP: 4/4
  1740 | D:2      | Found a blossoming altar of Fedhas.
  1883 | D:2      | Reached skill level 1 in Shields
  2533 | D:3      | Reached XP level 5. HP: 31/32 MP: 5/5
  2574 | D:3      | Noticed Ijyb
  2575 | D:3      | Noticed Terence
  2582 | D:3      | Killed Ijyb
  2586 | D:3      | Killed Terence
  2594 | D:3      | Noticed Grinder
  2597 | D:3      | Noticed an ogre
  2665 | D:3      | Paralysed by Grinder for 6 turns
  2666 | D:3      | Demolished by an ogre

Vault maps used:
D:1:      dpeg_cavernosity
D:2:      fedhas_altar_4
D:3:      grunt_gozag_breadcrumbs, minmay_misc_feat_roman, uniq_grinder,
          uniq_terence, uniq_sigmund, uniq_crazy_yiuf_cottage, uniq_iyjb

Skill      XL: |  1  2  3  4  5 |
---------------+----------------+-----
Maces & Flails | 4 |  4.3
Shields        | 2 3 |  3.3
Fighting       | 3 |  3.8
Throwing       | |  1.7
Dodging        | |  2.4

Action                   |  1- 3 |  4- 6 || total
-------------------------+-------+-------++-------
Melee: Flail             |   125 |   123 ||   248
  Use: Scroll            |       |     5 ||     5
 Stab: Distracted        |     1 |       ||     1
       Sleeping          |       |     2 ||     2
  Eat: Chunk             |     1 |     5 ||     6
Armor: Leather armour    |    56 |    22 ||    78
       Ring mail         |       |    38 ||    38
Dodge: Dodged            |    68 |    73 ||   141
Block: Buckler           |     1 |    28 ||    29
